 Dungeon Crawl Stone Soup version 0.23.2-1-ga50397a (webtiles) character file.

Game seed: 14433592015913882531

284 davaitedunem the Chopper (level 6, -2/51 HPs)
             Began as a Hill Orc Fighter on May 13, 2019.
             Slain by a scorpion (8 damage)
             ... on level 4 of the Dungeon.
             The game lasted 00:09:39 (2588 turns).

davaitedunem the Chopper (Hill Orc Fighter)         Turns: 2588, Time: 00:09:40

Health: -2/51      AC:  7    Str: 21    XL:     6   Next: 29%
Magic:  6/6        EV:  7    Int:  8    God:
Gold:   151        SH:  9    Dex: 10    Spells: 5/5 levels left

rFire    . . .     SeeInvis .   i - +0 war axe
rCold    . . .     Gourm    .   c - +0 shield
rNeg     . . .     Faith    .   b - +0 scale mail
rPois    .         Spirit   .   (no helmet)
rElec    .         Reflect  .   (no cloak)
rCorr    .         Harm     .   (no gloves)
MR       .....                  (no boots)
Stlth    ..........             (no amulet)
HPRegen  0.17/turn              (no ring)
MPRegen  0.10/turn              (no ring)

@: lethally poisoned (-2 -> -21)
A: no striking features
a: no special abilities


You were on level 4 of the Dungeon.
You were not hungry.

You visited 1 branch of the dungeon, and saw 4 of its levels.

You collected 151 gold pieces.

Inventory:

Hand Weapons
 a - a +0 war axe
 e - a +1 spear of flaming
 i - a +0 war axe (weapon)
Armour
 b - a +0 scale mail (worn)
 c - a +0 shield (worn)
Jewellery
 d - an uncursed amulet of regeneration {unknown}
 p - an uncursed ring of protection from magic {unknown}
 q - an uncursed ring of ice {unknown}
Scrolls
 g - a scroll of noise {unknown}
 h - 5 scrolls of identify {unknown}
 j - 3 scrolls of remove curse {unknown}
 k - 2 scrolls of fear {unknown}
 l - a scroll of enchant weapon {unknown}
 m - a scroll of amnesia
 o - a scroll of enchant armour {unknown}
Comestibles
 f - 9 rations
 n - a chunk of flesh


   Skills:
 - Level 3.6 Fighting
 + Level 6.2 Axes
 + Level 5.8 Armour
 - Level 3.2 Shields


You had 5 spell levels left.
You didn't know any spells.
Your spell library was empty.

Dungeon Overview and Level Annotations

Branches:
Dungeon (4/15)
 Temple: D:4-7

Altars:
Cheibriados


Message History

You are too injured to fight recklessly!
You are too injured to fight recklessly!
You are too injured to fight recklessly!
You hit the scorpion but do no damage.
The scorpion is almost dead.
You feel sick. The scorpion stings you!
* * * LOW HITPOINT WARNING * * *
You are lethally poisoned!
The scorpion poisons you!
You hit the scorpion but do no damage.
The scorpion is almost dead.
* * * LOW HITPOINT WARNING * * *
You feel sick. The scorpion stings you.
* * * LOW HITPOINT WARNING * * *
You barely miss the scorpion.
The scorpion is almost dead.
* * * LOW HITPOINT WARNING * * *
You feel very sick. The scorpion stings you!
You die...

.#######.# #.#.##
#####.####....##
#........#.....#
#.###.##..#.).#####
#.# #.##.###......#
###.###.#.# #.#.#####
# #........# #.###.#
#≈###.#####.#####>##
#≈ #.# #@.# #≈###.##
#†s.$# .≈.#...##
.......#
.≈......####.........#
.≈.÷.......+.........+
#≈##....####.........#
#≈ ##..## ##.......##
# #.## ##.....## #.#


You could see a scorpion.

Vanquished Creatures
  A bullfrog (D:3)
  A worker ant (D:4)
  3 gnolls (D:2)
  3 adders (D:3)
  3 river rats (D:3)
  2 oozes
  3 worms
  3 dart slugs
  5 leopard geckos
  6 orcs (D:3)
  3 giant cockroaches
  7 goblins
  4 hobgoblins
  5 jackals (D:1)
  4 ball pythons
  8 bats
  3 frilled lizards
  12 kobolds
  A leopard gecko skeleton (D:4)
  6 rats
83 creatures vanquished.

Notes
Turn   | Place    | Note
-------+----------+-------------------------------------------
     0 | D:1      | davaitedunem the Hill Orc Fighter began the quest for the
                  | Orb.
     0 | D:1      | Reached XP level 1. HP: 19/19 MP: 1/1
   113 | D:1      | Reached skill level 3 in Axes
   189 | D:1      | Reached XP level 2. HP: 26/26 MP: 2/2
   377 | D:1      | Reached XP level 3. HP: 30/31 MP: 3/3
   654 | D:2      | Reached skill level 4 in Axes
   872 | D:2      | Reached XP level 4. HP: 38/39 MP: 4/4
   980 | D:2      | Found a snail-covered altar of Cheibriados.
  1724 | D:3      | Reached skill level 5 in Axes
  1744 | D:3      | Reached XP level 5. HP: 45/45 MP: 5/5
  1833 | D:3      | Reached skill level 5 in Armour
  2138 | D:3      | Reached XP level 6. HP: 41/51 MP: 6/6
  2143 | D:3      | Reached skill level 6 in Axes
  2588 | D:4      | Slain by a scorpion

Skill      XL: |  1  2  3  4  5  6 |
---------------+-------------------+-----
Axes           | 3 4 5 6 |  6.2
Armour         | 4 5 |  5.8
Fighting       | |  3.6
Shields        | |  3.2

Action                   |  1- 3 |  4- 6 || total
-------------------------+-------+-------++-------
Melee: War axe           |   105 |   177 ||   282
  Use: Potion            |     4 |     2 ||     6
       Scroll            |       |     3 ||     3
  Eat: Chunk             |       |     6 ||     6
Armor: Scale mail        |    64 |    85 ||   149
       Skin              |     2 |       ||     2
Dodge: Dodged            |    49 |    49 ||    98
Block: Shield            |    66 |    80 ||   146
